 Dungeon Crawl Stone Soup version 0.27.1-33-g824d729ab1 (webtiles) character file.

Game seed: 14014380670517931953

158 jlumianski the Ducker (level 5, -1/47 HPs)
             Began as a Gnoll Monk on Dec 23, 2021.
             Slain by a gnoll (11 damage)
             ... on level 3 of the Dungeon.
             The game lasted 00:13:43 (2557 turns).

jlumianski the Ducker (Gnoll Monk)                  Turns: 2557, Time: 00:13:44

Health: -1/47      AC:  5    Str: 11    XL:     5   Next: 39%
Magic:  7/7        EV: 13    Int:  9    God:
Gold:   18         SH:  0    Dex: 15    Spells: 4/6 levels left

rFire    . . .     SeeInvis .   h - +1 whip (elec)
rCold    . . .     Faith    .   (no shield)
rNeg     . . .     Spirit   .   j - +0 ring mail
rPois    .         Reflect  .   (no helmet)
rElec    .         Harm     .   (no cloak)
rCorr    .         Rampage  .   (no gloves)
Will     .....                  (no boots)
Stlth    ++........             (no amulet)
HPRegen  0.15/turn              (no ring)
MPRegen  0.10/turn              (no ring)

@: no status effects
A: fangs 1, strong nose, distributed training
a: no special abilities


You were on level 3 of the Dungeon.
You visited 1 branch of the dungeon, and saw 3 of its levels.

You collected 18 gold pieces.

Inventory:

Hand Weapons
 a - a +0 hand axe
 e - a +0 dagger of speed
 h - a +1 whip of electrocution (weapon)
Missiles
 c - 29 stones
 d - 9 poisoned darts (quivered)
 g - 8 datura-tipped darts
 i - 27 bolts
Armour
 b - a +0 robe
 j - a +0 ring mail (worn)
Scrolls
 f - a scroll of identify
Potions
 l - a potion of ambrosia


   Skills:
 + Level 6.7 Fighting
 + Level 1.4 Short Blades
 + Level 1.4 Long Blades
 + Level 6.7 Axes
 + Level 1.4 Maces & Flails
 + Level 1.4 Polearms
 + Level 1.4 Staves
 + Level 1.4 Slings
 + Level 1.4 Bows
 + Level 1.4 Crossbows
 + Level 1.4 Throwing
 + Level 1.4 Armour
 + Level 6.7 Dodging
 + Level 4.4 Stealth
 + Level 1.4 Shields
 + Level 1.4 Unarmed Combat
 + Level 1.4 Spellcasting
 + Level 1.1 Conjurations
 + Level 1.1 Hexes
 + Level 1.1 Summonings
 + Level 1.1 Necromancy
 + Level 1.1 Translocations
 + Level 1.1 Transmutations
 + Level 1.1 Fire Magic
 + Level 1.1 Ice Magic
 + Level 1.1 Air Magic
 + Level 1.1 Earth Magic
 + Level 1.1 Poison Magic
 + Level 1.6 Invocations
 + Level 1.4 Evocations


You had 4 spell levels left.
You knew the following spells:

 Your Spells              Type           Power      Damage    Failure   Level
a - Corona                Hex            2%         N/A       45%         1
b - Foxfire               Conj/Fire      8%         2x1d4     45%         1

Your spell library contained the following spells:

 Spells                   Type           Power      Damage    Failure   Level
 Corpse Rot               Necr/Air       N/A        N/A       61%         2
 Ensorcelled Hibernation  Hex/Ice        4%         N/A       61%         2
 Poisonous Vapours        Pois/Air       4%         N/A       61%         2
 Slow                     Hex            2%         N/A       61%         2
 Static Discharge         Conj/Air       2%         N/A       61%         2
 Confusing Touch          Hex            2%         N/A       83%         3
 Conjure Flame            Conj/Fire      2%         6-21      83%         3
 Inner Flame              Hex/Fire       2%         N/A       83%         3
 Tukima's Dance           Hex            2%         N/A       83%         3
 Vampiric Draining        Necr           1%         2d6       83%         3
 Freezing Cloud           Conj/Ice/Air   1%         6-21      100%        5
 Lightning Bolt           Conj/Air       1%         1d12      100%        5
 Maxwell's Capacitive Co  Air            1%         ∞         100%        8


Dungeon Overview and Level Annotations

Branches:
Dungeon (3/15)

Altars:

Annotations:
D:3 Grinder


Innate Abilities, Weirdness & Mutations

You have very sharp teeth.
Your uncanny sense of smell can sniff out nearby items.
Your experience applies equally to all skills.


Message History

Found a book of Lightning and a scale mail.
You pick up a book of Lightning and begin reading...
You add the spells Static Discharge, Lightning Bolt and Maxwell's Capacitive Coupling to your library.
Okay, then.
Unknown command.
Unknown command.
Grinder comes into view.
Found a scroll labelled ODOMIPAUKI.
Casting: Foxfire (safe; 45% risk of failure)
Confirm with . or Enter, or press ? or * to list all spells.
Okay, then.
Unknown command.
The gnoll shouts!
Grinder shouts!
Grinder gestures at you.
You suddenly lose the ability to move!
Grinder gestures at you. Pain shoots through your body!
The gnoll hits you from afar with a +0 spear.
The gnoll barely misses you. Grinder gestures at you.
You shrug off the repeated paralysis!
The gnoll hits you from afar with a +0 spear.
The gnoll hits you from afar with a +0 spear. x2
You can move again.
Grinder gestures at you. Pain shoots through your body!
* * * LOW HITPOINT WARNING * * *
Okay, then.
Unknown command.
Unknown command.
As you read the scroll of summoning, it crumbles to dust.
Wisps of shadow whirl around you...
The gnoll shouts!
You hear a shout!
Grinder gestures at you. You resist with significant effort.
The gnoll closely misses you.
Your endoplasm freezes the gnoll.
The gnoll is frozen.
The gnoll hits you with a +0 halberd of venom!
You die...

...............
##................
#..............g..
#.........<.......
#.................
#...............l.
####.........g.......
.......g..............
###....@.............
#....................
#.#.....................
#######g.g.................
#.....5..J.................
..#.....#....................
........#....................
..#.....#.#...........g......
#.......##.................


You could see Grinder, 3 gnolls, a friendly endoplasm (summoned) and a friendly
hobgoblin (summoned).

Vanquished Creatures
  A water moccasin skeleton (D:2)
  A gnoll (D:2)
  3 adders (D:2)
  3 dart slugs
  2 orcs (D:2)
  2 bats (D:2)
  8 endoplasms
  3 giant cockroaches
  7 goblins
  7 hobgoblins
  3 quokkas
  5 ball pythons
  5 frilled lizards (D:1)
  6 kobolds
  7 rats
63 creatures vanquished.

Vanquished Creatures (others)
  5 foxfires (D:2)
  7 plants (D:2)
12 creatures vanquished.

Grand Total: 75 creatures vanquished

Notes
Turn   | Place    | Note
-------+----------+-------------------------------------------
     0 | D:1      | jlumianski the Gnoll Monk began the quest for the Orb.
     0 | D:1      | Reached XP level 1. HP: 23/23 MP: 1/1
   295 | D:1      | Reached XP level 2. HP: 29/29 MP: 2/2
   627 | D:1      | Reached XP level 3. HP: 35/35 MP: 3/3
   749 | D:1      | Learned a level 1 spell: Corona
   890 | D:1      | Reached skill level 1 in Invocations
  1149 | D:2      | Reached skill level 1 in Short Blades
  1149 | D:2      | Reached skill level 1 in Long Blades
  1149 | D:2      | Reached skill level 1 in Maces & Flails
  1149 | D:2      | Reached skill level 1 in Polearms
  1149 | D:2      | Reached skill level 1 in Staves
  1149 | D:2      | Reached skill level 1 in Slings
  1149 | D:2      | Reached skill level 1 in Bows
  1149 | D:2      | Reached skill level 1 in Crossbows
  1149 | D:2      | Reached skill level 1 in Throwing
  1149 | D:2      | Reached skill level 1 in Armour
  1149 | D:2      | Reached skill level 1 in Shields
  1149 | D:2      | Reached skill level 1 in Unarmed Combat
  1149 | D:2      | Reached skill level 1 in Spellcasting
  1149 | D:2      | Reached skill level 1 in Evocations
  1160 | D:2      | Learned a level 1 spell: Foxfire
  1247 | D:2      | Reached XP level 4. HP: 25/41 MP: 2/5
  1705 | D:2      | Reached skill level 1 in Conjurations
  1705 | D:2      | Reached skill level 1 in Hexes
  1705 | D:2      | Reached skill level 1 in Summonings
  1705 | D:2      | Reached skill level 1 in Necromancy
  1705 | D:2      | Reached skill level 1 in Translocations
  1705 | D:2      | Reached skill level 1 in Transmutations
  1705 | D:2      | Reached skill level 1 in Fire Magic
  1705 | D:2      | Reached skill level 1 in Ice Magic
  1705 | D:2      | Reached skill level 1 in Air Magic
  1705 | D:2      | Reached skill level 1 in Earth Magic
  1705 | D:2      | Reached skill level 1 in Poison Magic
  1705 | D:2      | Reached XP level 5. HP: 32/47 MP: 5/7
  2519 | D:3      | Noticed Grinder
  2542 | D:3      | Paralysed by Grinder for 7 turns
  2557 | D:3      | Slain by a gnoll

Illustrated notes

Levels and vault maps discovered:
D:1:      beargit_arrival_diablo_church, layout_basic
D:2:      layout_basic, serial_bayou_lake_a
D:3:      layout_basic, ebering_ecumenical_altar_petrified, minmay_crystal_room,
          minmay_misc_feat_four_crosses, minmay_misc_feat_square,
          minmay_fractal_squares_diagonal_5, uniq_terence, uniq_grinder

Skill      XL: |  1  2  3  4 |
---------------+-------------+-----
Invocations    | 1 |  1.6
Short Blades   | 1 |  1.4
Long Blades    | 1 |  1.4
Maces & Flails | 1 |  1.4
Polearms       | 1 |  1.4
Staves         | 1 |  1.4
Slings         | 1 |  1.4
Bows           | 1 |  1.4
Crossbows      | 1 |  1.4
Throwing       | 1 |  1.4
Armour         | 1 |  1.4
Shields        | 1 |  1.4
Unarmed Combat | 1 |  1.4
Spellcasting   | 1 |  1.4
Evocations     | 1 |  1.4
Conjurations   | 1 |  1.1
Hexes          | 1 |  1.1
Summonings     | 1 |  1.1
Necromancy     | 1 |  1.1
Translocations | 1 |  1.1
Transmutations | 1 |  1.1
Fire Magic     | 1 |  1.1
Ice Magic      | 1 |  1.1
Air Magic      | 1 |  1.1
Earth Magic    | 1 |  1.1
Poison Magic   | 1 |  1.1
Fighting       | |  6.7
Axes           | |  6.7
Dodging        | |  6.7
Stealth        | |  4.4

Action                   |  1- 3 |  4- 6 || total
-------------------------+-------+-------++-------
Melee: Hand axe          |    85 |       ||    85
       Bite              |     6 |     6 ||    12
       Whip              |    13 |    60 ||    73
Throw: Dart              |     9 |     9 ||    18
 Cast: Corona            |     5 |     1 ||     6
       Foxfire           |     1 |     2 ||     3
  Use: Potion            |       |     2 ||     2
       Scroll            |       |     3 ||     3
 Stab: Sleeping          |     4 |     4 ||     8
       Distracted        |     1 |       ||     1
Armor: Robe              |    10 |     3 ||    13
       Ring mail         |       |    10 ||    10
Dodge: Dodged            |    79 |    51 ||   130
